 Dungeon Crawl Stone Soup version 0.23-a0-619-g281719c (webtiles) character file.

4 zishaf the Magician (level 1, 0/16 HPs)
             Began as a Human Wanderer on Dec 23, 2018.
             Slain by a jackal (1 damage)
             ... on level 1 of the Dungeon.
             The game lasted 00:00:54 (227 turns).

zishaf the Magician (Human Wanderer)                 Turns: 227, Time: 00:00:54

Health: 0/16       AC:  2    Str: 10    XL:     1   Next: 77%
Magic:  4/4        EV: 11    Int: 12    God:
Gold:   0          SH:  0    Dex: 14    Spells: 5/6 levels left

rFire    . . .     SeeInvis .   e - +0 dagger
rCold    . . .     Gourm    .   (no shield)
rNeg     . . .     Faith    .   d - +0 robe
rPois    .         Spirit   .   (no helmet)
rElec    .         Reflect  .   g - scarf {cloud immunity}
rCorr    .         Harm     .   (no gloves)
MR       .....                  (no boots)
Stlth    +.........             (no amulet)
HPRegen  0.05/turn              (no ring)
MPRegen  0.09/turn              (no ring)

@: no status effects
A: no striking features
a: no special abilities


You were on level 1 of the Dungeon.
You were not hungry.

You visited 1 branch of the dungeon, and saw 1 of its levels.

Inventory:

Hand Weapons
 e - a +0 dagger (weapon)
Missiles
 b - a stone (quivered)
Armour
 d - a +0 robe (worn)
 g - a scarf of cloud immunity (worn)
Scrolls
 a - a scroll of enchant weapon {unknown}
Potions
 c - a potion of lignification
Comestibles
 f - a ration


   Skills:
 + Level 2.1 Fighting
   Level 1.0 Crossbows
 - Level 1.0 Throwing
 + Level 0.3 Dodging
 - Level 3.0 Spellcasting
 + Level 0.3 Conjurations
 + Level 0.3 Fire Magic
   Level 1.0 Ice Magic
   Level 1.0 Earth Magic
   Level 1.0 Evocations


You had 5 spell levels left.
You knew the following spells:

 Your Spells              Type           Power        Failure   Level  Hunger
a - Flame Tongue          Conj/Fire      #....        22%         1    #......

Your spell library contained the following spells:

 Spells                   Type           Power        Failure   Level  Hunger
 Magic Dart               Conj           #...         22%         1    #......
 Blink                    Tloc           N/A          36%         2    ###....
 Call Imp                 Summ           #.......     36%         2    ###....
 Slow                     Hex            #.......     36%         2    ###....
 Conjure Flame            Conj/Fire      #.......     54%         3    ###....
 Mephitic Cloud           Conj/Pois/Air  #.......     56%         3    ###....


Dungeon Overview and Level Annotations

Branches:
Dungeon (1/15)

Altars:


Message History

The jackal bites you but does no damage.
You barely miss the jackal.
The jackal is severely wounded.
The jackal barely misses you.
The jackal bites you but does no damage.
You hit the jackal but do no damage.
The jackal is severely wounded.
The jackal bites you.
* * * LOW HITPOINT WARNING * * *
You hit the jackal but do no damage.
The jackal is severely wounded.
The jackal closely misses you.
You barely miss the jackal.
The jackal is severely wounded.
The jackal closely misses you.
The jackal bites you but does no damage.
You hit the jackal.
You kill the jackal!
The jackal bites you.
You die...

#.#.# . #.#.# # ###
..#####>#.##. #.#
............ ###.###
..........# +..<..+
..........#######.######
..h.......#.............
..#####h######.#####.###
#@# ##.#####.##
####.#####.........#
#.......######.######
#.......+...........'
#......#######.######
#............#.# #.
#......####.##.# #.
#######...#.########.
#.#.#.#........


You could see a jackal.

Vanquished Creatures
  A goblin (D:1)
  A jackal (D:1)
  A kobold (D:1)
  A rat (D:1)
4 creatures vanquished.

Notes
Turn   | Place    | Note
-------+----------+-------------------------------------------
     0 | D:1      | zishaf the Human Wanderer began the quest for the Orb.
     0 | D:1      | zishaf set off with the following items: a potion of
                  | lignification, a +0 robe, a +0 dagger, a ration; and the
                  | following spells available to memorise: Flame Tongue, Magic
                  | Dart, Blink, Call Imp, Slow, Conjure Flame, Mephitic Cloud
     0 | D:1      | Reached XP level 1. HP: 16/16 MP: 4/4
     2 | D:1      | Learned a level 1 spell: Flame Tongue
   227 | D:1      | Slain by a jackal

Vault maps used:
D:1:      shiori_shiawase

Action                   || total
-------------------------++-------
Melee: Dagger            ||    24
Armor: Robe              ||     5
Dodge: Dodged            ||    12

Table legend:
 A = Non-vault XP
 B = Vault XP
 C = Vault XP percentage of total XP
 D = Non-vault monster count
 E = Vault monster count
 F = Vault count percentage of total count
                 A         B        C        D         E       F
            +---------+---------+-------+---------+---------+-------
      Total |       7 |       0 |   0.0 |       4 |       0 |   0.0
            +---------+---------+-------+---------+---------+-------
        D:1 |       7 |       0 |   0.0 |       4 |       0 |   0.0
            +---------+---------+-------+---------+---------+-------
